Map: Site Delta LE

Players

move (MilkiCow)

  • Race: Terran Terran
  • League: Grandmaster
  • Spawn Location: 11:00

MaxPax - Winner!

  • Race: Protoss Protoss
  • League: Grandmaster
  • Spawn Location: 5:00

VOD

Have the link to the VOD?

Description

Time

  • Played on: Nov. 21, 2023, 9:23 a.m.
  • Length: 5:47
Show
View Real Time Build Order
Export as new Build Order

move Terran 

Build Orders: 1/1/1, Widow Mine Drop 

Get SALT Encoding   

  12  0:00  SCV  
  13  0:12  SCV  
  14  0:17  Supply Depot  
  14  0:24  SCV  
  15  0:38  SCV  
  15  0:40  Barracks  
  16  0:43  Refinery  
  16  0:50  SCV  
  16  0:52  Refinery  
  17  1:03  SCV  
  18  1:15  SCV  
  19  1:28  Orbital Command  
  19  1:31  Factory  
  19  1:40  Supply Depot  
  19  1:41  Reaper  
  20  1:58  SCV  
  20  2:11  SCV  
  20  2:15  Widow Mine  
  23  2:17  Starport  
  23  2:21  Barracks Reactor  
  23  2:23  SCV  
  24  2:35  SCV  
  25  2:42  Widow Mine  
  26  2:45  Command Center  
  26  2:47  SCV  
  27  2:53  Medivac  
  27  2:57  Supply Depot  
  29  3:02  Marine x2  
  31  3:18  SCV  
  31  3:19  Widow Mine  
  34  3:20  Armory  
  34  3:23  Marine x2  
  36  3:27  Starport Tech Lab  
  36  3:31  SCV  
  37  3:41  Marine x2  
  37  3:42  Factory Tech Lab  
  39  3:57  Raven, SCV  
  42  4:05  Marine x2  
  42  4:09  SCV  
  39  4:21  SCV  
  39  4:23  Barracks  
  38  4:26  Marine x2  
  38  4:31  Orbital Command, Barracks  
  40  4:34  SCV  
  41  4:43  Starport Reactor  
  41  4:44  Marine  
  42  4:46  SCV  
  42  4:49  Engineering Bay  
  43  4:58  SCV x2, Engineering Bay  
  45  5:00  Factory Reactor  
  45  5:10  SCV  
  45  5:11  SCV  
  45  5:12  Marine  
  46  5:15  Refinery  
  46  5:21  Marine x2  
  48  5:22  SCV  
  48  5:23  SCV  
  48  5:26  Missile Turret  
  49  5:34  SCV  
Show
View Real Time Build Order
Export as new Build Order

MaxPax Protoss - Winner!

Build Orders: 1 Gate Expand, Phoenix Opening 

Get SALT Encoding   

  12  0:00  Probe  
  13  0:12  Probe  
  14  0:16  Pylon  
  14  0:24  Probe (Chrono Boost)  
  15  0:36  Gateway, Probe (Chrono Boost)  
  16  0:44  Probe (Chrono Boost)  
  16  0:45  Assimilator  
  17  0:51  Probe  
  18  1:03  Probe  
  19  1:15  Probe  
  20  1:23  Cybernetics Core  
  20  1:30  Nexus  
  20  1:34  Probe  
  21  1:40  Pylon  
  21  1:46  Probe  
  22  1:49  Assimilator  
  22  1:56  Adept (Chrono Boost)  
  22  1:58  Probe  
  25  2:10  Probe  
  26  2:16  Adept (Chrono Boost)  
  29  2:22  Probe  
  29  2:26  Stargate  
  29  2:34  Warp Gate  
  29  2:36  Probe (Chrono Boost)  
  30  2:42  Probe (Chrono Boost)  
  35  2:53  Probe x2 (Chrono Boost)  
  35  2:57  Gateway, Probe (Chrono Boost)  
  33  2:59  Probe  
  35  3:08  Probe  
  35  3:09  Phoenix (Chrono Boost)  
  35  3:11  Probe  
  39  3:20  Probe  
  39  3:23  Probe  
  39  3:25  Phoenix (Chrono Boost)  
  41  3:31  Pylon  
  41  3:32  Probe  
  41  3:33  Assimilator  
  44  3:35  Probe  
  44  3:36  Assimilator  
  44  3:40  Robotics Facility  
  45  3:42  Pylon  
  45  3:45  Probe  
  46  3:48  Phoenix (Chrono Boost)  
  46  3:50  Probe  
  49  3:57  Probe  
  51  4:02  Probe  
  51  4:07  Phoenix  
  51  4:09  Probe  
  53  4:15  Probe  
  54  4:21  Probe  
  55  4:27  Probe  
  55  4:31  Observer (Chrono Boost)  
  57  4:33  Probe  
  57  4:35  Pylon  
  57  4:37  Pylon  
  58  4:39  Robotics Bay  
  58  4:44  Nexus  
  58  4:46  Immortal (Chrono Boost)  
  62  4:54  Probe  
  62  4:55  Probe  
  62  4:58  Shield Battery  
  62  4:59  Phoenix  
  66  5:06  Probe  
  67  5:07  Probe  
  68  5:14  Stalker x2  
  68  5:18  Probe  
  68  5:19  Probe, Pylon  
  74  5:31  Probe  
  74  5:33  Probe  
Tags
 
Add a new tag
Caveats
  • Supply blocks, unpowered buildings, or Contaminate may cause inaccurate times.
  • Supply counts are checked every 10 seconds.